 Dungeon Crawl Stone Soup version 0.32-a0-433-g08bcfe7efd (webtiles) character file.

Game seed: 7624688233040870555

3808 tilp the Covert (level 9, -4/69 HPs)
             Began as a Vampire Enchanter on Feb 22, 2024.
             Was a Follower of Wu Jian.
             Shot with a sling bullet by Joseph (14 damage)
             ... on level 8 of the Dungeon.
             The game lasted 00:13:25 (6459 turns).

tilp the Covert (Vampire Enchanter)                 Turns: 6459, Time: 00:13:26

Health: -4/69      AC: 10    Str:  7    XL:     9   Next: 96%
Magic:  14/16      EV: 13    Int: 22    God:    Wu Jian [*.....]
Gold:   273        SH:  0    Dex: 14    Spells: 7/18 levels left

rFire   . . .        a - +1 dagger (venom)
rCold   . . .        (no shield)
rNeg    . . .        M - +1 robe {Will+}
rPois   .            s - +1 helmet
rElec   .            N - +1 cloak {Will+}
rCorr   .            o - +2 pair of gloves
SInv    +            (no boots)
Will    +++..        k - amulet of magic regeneration
Stlth   ++++         t - ring of willpower
HPRegen 0.51/turn    B - ring of flight
MPRegen 0.55/turn

%: no passive effects
@: flying, healing quickly
A: alive, fangs 3, see invisible, vampiric 2
a: Exsanguinate, Renounce Religion


You were on level 8 of the Dungeon.
You worshipped Wu Jian.
Wu Jian was aware of your devotion.
You visited 2 branches of the dungeon, and saw 9 of its levels.

You collected 322 gold pieces.
You spent 49 gold pieces at shops.

Inventory:

Hand Weapons
 a - a +1 dagger of venom (weapon)
 b - a +4 long sword
 L - a +1 dagger
Missiles
 h - 41 poisoned darts (quivered)
 l - 12 boomerangs
 E - 2 curare-tipped darts {!f}
 H - 2 atropa-tipped darts
Armour
 o - a +2 pair of gloves (worn)
 q - a scarf of invisibility
 s - a +1 helmet (worn)
 v - a +2 ring mail of fire resistance
 z - a +1 ring mail of poison resistance
 M - a +1 robe of willpower (worn)
 N - a +1 cloak of willpower (worn)
Jewellery
 f - an amulet of reflection
 k - an amulet of magic regeneration (around neck)
 m - a ring of fire
 p - a ring of ice
 t - a ring of willpower (left hand)
 B - a ring of flight (right hand)
 D - an amulet of regeneration
 J - an amulet of faith
Wands
 e - a wand of flame (8)
 n - a wand of digging (5)
 x - a wand of roots (10)
 A - a wand of polymorph (4)
 C - a wand of mindburst (14)
Scrolls
 u - 3 scrolls of vulnerability
 y - a scroll of enchant weapon {unknown}
 F - 2 scrolls of butterflies
 G - a scroll of teleportation {unknown}
 I - a scroll of fear {unknown}
 K - a scroll of acquirement {unknown}
 O - a scroll of identify
Potions
 c - 2 potions of invisibility
 d - a potion of resistance
 g - 4 potions of curing
 i - 4 potions of brilliance
 j - a potion of mutation
 r - a potion of heal wounds {unknown}
 w - 2 potions of haste {unknown}


   Skills:
 - Level 6.0 Fighting
 * Level 8.2 Short Blades
 - Level 4.0 Dodging
 + Level 9.4 Stealth
 - Level 5.0 Spellcasting
 - Level 2.0 Conjurations
 - Level 8.0 Hexes
 - Level 2.0 Ice Magic
 - Level 2.0 Evocations


You had 7 spell levels left.
You knew the following spells:

 Your Spells              Type           Power      Damage    Failure   Level
a - Ensorcelled Hibernat  Hex/Ice        54%        N/A       1%          2
b - Confusing Touch       Hex            40%        N/A       1%          3
c - Tukima's Dance        Hex            40%        N/A       1%          3
d - Dazzling Flash        Conj/Hex       54%        N/A       3%          3

Your spell library contained the following spells:

 Spells                   Type           Power      Damage    Failure   Level
 Ignite Poison            Fire/Alch      5%         N/A       69%         4
 Sticky Flame             Fire/Alch      5%         2d4       69%         4
 Iskenderun's Battlesphe  Conj           14%        2d7       77%         5
 Bombard                  Conj/Erth      4%         9d2       100%        6
 Spellforged Servitor     Conj/Summ      4%         N/A       100%        7
 Ignition                 Fire           2%         3d3       100%        8


Dungeon Overview and Level Annotations

Branches:
Dungeon (8/15)             Temple (1/1) D:7
   Lair: D:8-11

Altars:
Ashenzari
Cheibriados
Dithmenos
Fedhas
Gozag
Hepliaklqana
Kikubaaqudgha
Makhleb
Nemelex Xobeh
Okawaru
Qazlal
Ru
Sif Muna
Trog
Uskayaw
Vehumet
Wu Jian
Xom
Yredelemnul

Shops:
D:1 [   D:7 *

Annotations:
D:3 Grinder
D:6 3 runed translucent doors, mrw0lf's ghost, novice TrFi
D:8 Joseph


Innate Abilities, Weirdness & Mutations

Your natural rate of healing is accelerated.
You have razor-sharp teeth.
You have supernaturally acute eyesight. (SInv)
You are afflicted with vampirism and can become a bat while bloodless.


Message History

Casting: Ensorcelled Hibernation (safe; 1% risk of failure)
Confirm with . or Enter, or press ? or * to list all spells.
Aiming: Ensorcelled Hibernation (safe; 1% risk of failure)
Press: ? - help, Shift-Dir - straight line, f - Joseph
Aim: Joseph, wielding a +0 sling of electrocution and wearing a +0 ring mail (chance to affect: 40%) Joseph resists with some effort.
Unknown command.
Casting: Ensorcelled Hibernation (safe; 1% risk of failure)
Confirm with . or Enter, or press ? or * to list all spells.
Aiming: Ensorcelled Hibernation (safe; 1% risk of failure)
Press: ? - help, Shift-Dir - straight line, f/p - Joseph
Aim: Joseph, wielding a +0 sling of electrocution and wearing a +0 ring mail (chance to affect: 40%) Joseph looks drowsy...
Unknown command.
The two-headed ogre shouts in stereo!
Unknown command.
Unknown command.
The two-headed ogre hits you with a +0 giant club!!
The two-headed ogre hits you with a +0 giant spiked club!!
* * * LOW HITPOINT WARNING * * *
Joseph shouts!
Unknown command.
Joseph shoots a sling bullet.
The sling bullet hits you!
* * * LOW HITPOINT WARNING * * *
Unknown command.
Casting: Ensorcelled Hibernation (safe; 1% risk of failure)
Confirm with . or Enter, or press ? or * to list all spells.
Aiming: Ensorcelled Hibernation (safe; 1% risk of failure)
Press: ? - help, Shift-Dir - straight line, f - two-headed ogre, p - Joseph
Aim: a two-headed ogre, wielding a +0 giant club and a +0 giant spiked club (chance to affect: 40%)
The two-headed ogre looks drowsy...
Unknown command.
The helpless two-headed ogre fails to defend itself.
You skewer the two-headed ogre like a kebab!!!
You kill the two-headed ogre!
The Council accepts your kill.
Joseph shoots a sling bullet.
The sling bullet hits you.
* * * LOW HITPOINT WARNING * * *
You are electrocuted!
You die...

## ..###.#..[...###..# ..
.###.....#.....###.##
..###.#......#......##.##
##.....#.....#....)###..#
#......#......#.###[###.#
#.....#)..).###.....#..#
#.....)#)###)#...)..#..#
#....)###.....#..)[.#.##
#.#.###.#@.....#......##
##..@.)#..<..#.....##
#$.....#......#.###.
....#.....#.....### ..
... #......#.###.# ..# #
#.....###. ..# ..#
#.#.###? .. ..# ... ..###
.. .. # ..## .. ..#


You could see Joseph.

Vanquished Creatures
  A two-headed ogre (D:8)
  Jeremiah (D:7)
  Prince Ribbit (D:7)
  A wyvern (D:7)
  Duvessa (D:5)
  3 water moccasins
  3 ice beasts
  A sky beast (D:7)
  An orc warrior (D:6)
  An ogre (D:6)
  A centaur (D:6)
  Blork the orc (D:4)
  A phantom (D:5)
  3 kobold brigands
  3 scorpions
  A bullfrog (D:6)
  Dowan (D:5)
  2 wights (D:7)
  6 hounds
  5 orc priests
  3 jellies
  A gnoll bouda (D:7)
  A sleepcap (D:5)
  Terence (D:3)
  Crazy Yiuf (D:7)
  4 iguanas
  An orc wizard (D:7)
  Robin (D:2)
  12 gnolls
  8 adders
  2 white imps
  7 ufetubi
  2 ribbon worms
  A dart slug (D:3)
  14 orcs
  10 endoplasms
  4 giant cockroaches
  8 hobgoblins
  2 jackals (D:5)
  21 kobolds
  2 quokkas
  8 ball pythons
  8 bats
  A frilled lizard (D:2)
  14 goblins
  5 rats
180 creatures vanquished.

Vanquished Creatures (collateral kills)
  8 wights
8 creatures vanquished.

Vanquished Creatures (others)
  3 dancing weapons (D:7)
3 creatures vanquished.

Grand Total: 191 creatures vanquished

Notes
Turn   | Place    | Note
-------+----------+-------------------------------------------
     0 | D:1      | tilp the Vampire Enchanter began the quest for the Orb.
     0 | D:1      | Reached XP level 1. HP: 13/13 MP: 3/3
    54 | D:1      | Found Kitzeufore's Armour Emporium.
   197 | D:1      | Reached XP level 2. HP: 6/20 MP: 5/5
   200 | D:1      | Learned a level 2 spell: Ensorcelled Hibernation
  1031 | D:1      | Bought a +0 pair of gloves for 49 gold pieces
  1116 | D:2      | Reached skill level 1 in Fighting
  1154 | D:2      | Gained mutation: You are afflicted with vampirism and can
                  | become a bat while bloodless. [Vampire growth]
  1154 | D:2      | Reached XP level 3. HP: 17/26 MP: 3/6
  1158 | D:2      | Learned a level 3 spell: Confusing Touch
  1535 | D:2      | Noticed Robin
  1639 | D:2      | Killed Robin
  1640 | D:2      | Reached XP level 4. HP: 32/32 MP: 5/7
  1817 | D:2      | Found a basalt altar of Yredelemnul.
  1982 | D:3      | Reached skill level 5 in Hexes
  1991 | D:3      | Reached skill level 5 in Stealth
  2256 | D:3      | Reached skill level 1 in Ice Magic
  2261 | D:3      | Reached XP level 5. HP: 33/38 MP: 5/8
  2301 | D:3      | Noticed Terence
  2311 | D:3      | Killed Terence
  2485 | D:3      | Noticed Grinder
  2757 | D:4      | Found an ancient bone altar of Kikubaaqudgha.
  2757 | D:4      | Found a broken altar of Ashenzari.
  2757 | D:4      | Found a sacrificial altar of Ru.
  2757 | D:4      | Found a shimmering altar of Xom.
  2757 | D:4      | Found a stormy altar of Qazlal.
  2757 | D:4      | Found a shadowy altar of Dithmenos.
  2767 | D:4      | Found an iron altar of Okawaru.
  2940 | D:4      | Reached XP level 6. HP: 44/44 MP: 5/9
  2994 | D:4      | Found a radiant altar of Vehumet.
  3335 | D:4      | Noticed Blork the orc
  3349 | D:4      | Killed Blork the orc
  3483 | D:5      | Entered Level 5 of the Dungeon
  3499 | D:5      | Noticed Dowan
  3508 | D:5      | Noticed Duvessa
  3616 | D:5      | Reached XP level 7. HP: 44/51 MP: 8/11
  3633 | D:5      | Killed Duvessa
  3878 | D:5      | Reached skill level 6 in Stealth
  3918 | D:5      | Learned a level 3 spell: Tukima's Dance
  3922 | D:5      | Learned a level 3 spell: Dazzling Flash
  4274 | D:5      | Killed Dowan
  4308 | D:5      | Reached XP level 8. HP: 60/60 MP: 12/12
  4522 | D:6      | Reached skill level 5 in Short Blades
  4522 | D:6      | Reached skill level 1 in Evocations
  4608 | D:6      | Identified the +10 orcbow "Weokheop" {flame, Will++ SInv}
  4634 | D:6      | Reached skill level 1 in Conjurations
  4670 | D:6      | Reached skill level 7 in Stealth
  4945 | D:6      | Found a runed translucent gate.
  4945 | D:6      | Found a runed translucent gate.
  4945 | D:6      | Found a runed translucent gate.
  4947 | D:6      | Found an opulent altar of Gozag.
  4952 | D:6      | Noticed mrw0lf's ghost (novice TrFi)
  5206 | D:6      | Reached skill level 5 in Fighting
  5206 | D:6      | Reached XP level 9. HP: 68/68 MP: 14/14
  5343 | D:7      | Found a staircase to the Ecumenical Temple.
  5358 | D:7      | Found Zin's Purification Station.
  5361 | D:7      | Noticed Prince Ribbit
  5387 | D:7      | Killed Prince Ribbit
  5474 | D:7      | Reached skill level 8 in Stealth
  5479 | Temple   | Entered the Ecumenical Temple
  5493 | Temple   | Became a worshipper of the Wu Jian Council
  5812 | D:7      | Noticed Jeremiah
  5893 | D:7      | Killed Jeremiah
  6168 | D:7      | Reached skill level 9 in Stealth
  6168 | D:7      | Reached skill level 5 in Spellcasting
  6242 | D:7      | Found a runed translucent door.
  6243 | D:7      | Noticed Crazy Yiuf
  6249 | D:7      | Killed Crazy Yiuf
  6382 | D:8      | Noticed a two-headed ogre
  6418 | D:8      | Reached * piety under Wu Jian
  6421 | D:8      | Noticed Joseph
  6459 | D:8      | Killed a two-headed ogre
  6459 | D:8      | Shot with a sling bullet by Joseph

Illustrated notes

Levels and vault maps discovered:
D:1:      minmay_arrival_shoal_huts, layout_basic, serial_shops, shop,
          roderic_roman_lattice
D:2:      layout_basic, basic_altar, minmay_liquid_box, uniq_robin
D:3:      layout_basic, uniq_terence, uniq_grinder
D:4:      layout_basic, grunt_temple_overflow_open, marbit_many_paths,
          uniq_blork_the_orc
D:5:      layout_basic, uniq_duvessa
D:6:      layout_gridville, ebering_ghost_gozag, minmay_bent
D:7:      layout_loops_cross, zin_purify, minmay_temple_entry_statues_pillars,
          uniq_crazy_yiuf_cottage, uniq_jeremiah, uniq_prince_ribbit1
D:8:      nicolae_BIG_FREAKIN_CUBE, layout_rooms, lair_entry_dummy, uniq_joseph
Temple:   nicolae_temple_slightly_damp_pantheon

Skill      XL: |  1  2  3  4  5  6  7  8  9 |
---------------+----------------------------+-----
Fighting       | 1 2 3 5 6 |  6.0
Short Blades   | 2 3 4 6 8 |  8.2
Hexes          | 5 6 7 8 |  8.0
Stealth        | 5 6 7 9 |  9.4
Ice Magic      | 1 2 |  2.0
Dodging        | 3 4 |  4.0
Spellcasting   | 3 5 |  5.0
Evocations     | 2 |  2.0
Conjurations   | 1 2 |  2.0

Action                     |  1- 3 |  4- 6 |  7- 9 || total
---------------------------+-------+-------+-------++-------
  Melee: Dagger            |   117 |   125 |   265 ||   507
         Bite              |    11 |    10 |    34 ||    55
  Throw: Dart              |     1 |       |       ||     1
   Cast: Ensorcelled Hiber |     3 |    37 |    64 ||   104
         Confusing Touch   |       |       |    22 ||    22
         Tukima's Dance    |       |       |    12 ||    12
Ability: Lunge             |       |       |    13 ||    13
    Use: Scroll            |     3 |       |     9 ||    12
   Stab: Sleeping          |     8 |    28 |    41 ||    77
         Distracted        |       |     1 |     1 ||     2
         Confused          |       |       |    15 ||    15
 Armour: Robe              |    49 |    74 |   148 ||   271
  Dodge: Dodged            |    73 |    74 |   200 ||   347

Table legend: (Time is in decaauts)
 A = Elapsed time spent in this place.
 B = Non-inter-level travel time spent in this place.
 C = Inter-level travel time spent in this place.
 D = Time resting spent in this place.
 E = Time spent auto-exploring this place.
 F = Levels seen in this place.
 G = Mean time per level.
                   A        B        C        D        E       F      G
               +--------+--------+--------+--------+--------+-----+--------+
         Total |   6357 |   6081 |    276 |    332 |   4269 |   9 |  706.3 |
       Dungeon |   6328 |   6079 |    249 |    332 |   4269 |   8 |  791.0 |
        Temple |     28 |      1 |     27 |      0 |      0 |   1 |   28.0 |
               +--------+--------+--------+--------+--------+-----+--------+

Top non-repeatable levels by time:
     D:2: 987 daAuts
     D:7: 957 daAuts
     D:1: 911 daAuts
     D:6: 905 daAuts
     D:3: 842 daAuts
     D:4: 807 daAuts
     D:5: 765 daAuts
     D:8: 151 daAuts
  Temple: 28 daAuts
